Match 42399990
Unlisted

Match 42399990
End
Construct Infanterie Kompanie
Grenadier Squad
Selects Terror Battlegroup
Selects Machine Gun Camouflage
MG 42 Machine Gun Team
Grenadier Squad
GrW 34 Mortar Team
Construct Panzergrenadier Kompanie
Pioneer Squad
Panzergrenadier Squad
Pak 40 Anti-tank Gun Team
Construct Panzer Kompanie
Stoßtruppen Squad
Selects Defend the Fatherland
Medical Bunker
Panzer IV Medium Tank
Panzer Officer Quarters
Side Skirts
Pak 40 Anti-tank Gun Team
Panzergrenadier Officer Quarters
Duffman™
Correia
.
shadow 2
Ha22y79
Squirtle
Commander Z
KT6790
0
0

Comments sign in to comment!

No comments posted yet!